 Dungeon Crawl Stone Soup version 0.32-a0-20-ge526923d97 (webtiles) character file.

Game seed: 11225803404202865102

216 grandjackal the Slasher (level 5, -9/41 HPs)
             Began as a Demonspawn Gladiator on Jan 18, 2024.
             Mangled by Crazy Yiuf
             ... wielding a +4 quarterstaff of chaos
              (18 damage)
             ... on level 2 of the Dungeon.
             The game lasted 00:01:11 (1300 turns).

grandjackal the Slasher (Demonspawn Gladiator)      Turns: 1300, Time: 00:01:11

Health: -9/41      AC:  5    Str: 15    XL:     5   Next: 61%
Magic:  0/5        EV: 13    Int:  8    God:
Gold:   98         SH:  5    Dex: 16    Spells: 4/4 levels left

rFire   . . .        j - +4 dagger
rCold   . . .        (no shield)
rNeg    . . .        b - +0 leather armour
rPois   .            c - +0 helmet
rElec   .            (no cloak)
rCorr   .            i - +0 pair of gloves
SInv    .            (no boots)
Will    .....        m - amulet of reflection
Stlth   +            (no ring)
HPRegen 0.26/turn    (no ring)
MPRegen 0.09/turn

%: reflection
@: no status effects
A: demonic guardian 2, demonic touch 1
a: no special abilities


You were on level 2 of the Dungeon.
You visited 1 branch of the dungeon, and saw 3 of its levels.

You collected 98 gold pieces.

Inventory:

Hand Weapons
 a - a +0 long sword
 j - a +4 dagger (weapon)
Missiles
 d - 3 throwing nets (quivered)
 e - a javelin
Armour
 b - a +0 leather armour (worn)
 c - a +0 helmet (worn)
 i - a +0 pair of gloves (worn)
Jewellery
 m - an amulet of reflection (around neck)
Wands
 l - a wand of flame (22)
Scrolls
 f - a scroll of amnesia {unknown}
 g - 4 scrolls of identify {unknown}
Potions
 h - a potion of brilliance {unknown}
 k - a potion of might {unknown}
 n - a potion of haste {unknown}


   Skills:
 + Level 3.3 Fighting
 + Level 3.7 Long Blades
 - Level 3.0 Throwing
 + Level 3.7 Dodging


You had 4 spell levels left.
You didn't know any spells.
Your spell library contained the following spells:

 Spells                   Type           Power      Damage    Failure   Level
 Jinxbite                 Hex            0%         N/A       63%         2
 Yara's Violent Unravell  Hex/Alch       0%         3d3       100%        5
 Enfeeble                 Hex            0%         N/A       100%        7


Dungeon Overview and Level Annotations

Branches:
Dungeon (3/15)

Altars:

Annotations:
D:2 Crazy Yiuf


Innate Abilities, Weirdness & Mutations

A demonic guardian rushes to your aid.
Your touch may inflict minor irresistible damage on your foes.


Message History

You hit Jessica.
Jessica is heavily wounded.
Jessica hits you but does no damage.
You hit Jessica.
You kill Jessica!
Your Throwing skill increases to level 3!
You hit the adder.
The adder is heavily wounded.
The adder closely misses you.
You miss the adder.
The adder is heavily wounded.
The adder closely misses you. You block the adder's attack.
You miss the adder.
The adder is heavily wounded.
The adder misses you.
You hit the adder.
The adder is severely wounded.
The adder completely misses you.
You hit the adder.
You kill the adder!
No target in view!
You now have 85 gold pieces (gained 11).
Things that are here:
a +0 club; a +0 robe; the human corpse of Jessica
Found 4 stones.
n - a viscous clear potion You now have 98 gold pieces (gained 13).
Things that are here:
a +0 scythe; a +0 robe You open the door.
Crazy Yiuf shouts!
Crazy Yiuf hits you with a +4 quarterstaff of chaos!
You feel your power leaking away.
There is an open translucent door here.
You barely miss Crazy Yiuf.
You touch Crazy Yiuf!
Crazy Yiuf is heavily wounded.
Crazy Yiuf hits you with a +4 quarterstaff of chaos!!
* * * LOW HITPOINT WARNING * * *
A demonic guardian appears!
You are electrocuted!!
You die...

#.#####.# #.##..... #.##.##..
##...##.. #....... ##..##.# #####
#### #####>.##.# #...# #)..###
##..#....... ###.###
#.4g@.####......##### #####.....#
#...##..#......## # #......)#.#
#### ###.#...### # #.###.#.###
####### # #.###.#.### #### #
#.........######## ######..#####
#.##.#..####.....####.##.#.......
#.##.#..# #........#.##.....<...
#..(....# #.....##.#.##.#...^...


You could see Crazy Yiuf (ally target) and a friendly orange demon (summoned).

Vanquished Creatures
  Jessica (D:2)
  An adder (D:2)
  2 dart slugs
  5 ball pythons
  2 endoplasms
  2 goblins (D:1)
  2 hobgoblins (D:2)
  2 kobolds (D:2)
  2 rats
19 creatures vanquished.

Vanquished Creatures (collateral kills)
  Sigmund (D:2)
1 creature vanquished.

Grand Total: 20 creatures vanquished

Notes
Turn   | Place    | Note
-------+----------+-------------------------------------------
     0 | D:1      | grandjackal the Demonspawn Gladiator began the quest for
                  | the Orb.
     0 | D:1      | Reached XP level 1. HP: 16/16 MP: 1/1
   385 | D:1      | Gained mutation: A weak demonic guardian rushes to your
                  | aid. [demonic ancestry]
   385 | D:1      | Reached XP level 2. HP: 22/22 MP: 2/2
   893 | D:2      | Found a runed translucent door.
   894 | D:2      | Noticed Crazy Yiuf
   924 | D:2      | Noticed Sigmund
   969 | D:2      | Killed Sigmund
   970 | D:2      | Discovered your monstrous ancestry.
   970 | D:2      | Gained mutation: Your touch may inflict minor irresistible
                  | damage on your foes. [demonic ancestry]
   970 | D:2      | Reached XP level 3. HP: 12/29 MP: 3/3
   970 | D:2      | Gained mutation: A demonic guardian rushes to your aid.
                  | [demonic ancestry]
   970 | D:2      | Reached XP level 4. HP: 14/35 MP: 4/4
   970 | D:2      | Reached XP level 5. HP: 16/41 MP: 5/5
  1093 | D:2      | Found a faded altar of an unknown god.
  1164 | D:2      | Noticed Jessica
  1169 | D:2      | Killed Jessica
  1300 | D:2      | Mangled by Crazy Yiuf

Illustrated notes

Levels and vault maps discovered:
D:1:      wander_arrival_estate, layout_loops_ring
D:2:      layout_loops_cross, shapermc_ecumenical_altar_mp_ritualfount,
          uniq_jessica, uniq_crazy_yiuf_cottage, uniq_sigmund
D:3:      layout_loops_ring, uniq_natasha

Skill      XL: |  1  2  3  4  5 |
---------------+----------------+-----
Throwing       | 2 3 |  3.0
Fighting       | 3 |  3.3
Long Blades    | 3 |  3.7
Dodging        | 3 |  3.7

Action                     |  1- 3 |  4- 6 || total
---------------------------+-------+-------++-------
  Melee: Long sword        |    14 |       ||    14
         Dagger            |    30 |    12 ||    42
         Touch             |       |     2 ||     2
   Stab: Sleeping          |     1 |       ||     1
 Armour: Leather armour    |    17 |     5 ||    22
  Dodge: Dodged            |    17 |    10 ||    27
  Block: Other             |       |     1 ||     1

Table legend: (Time is in decaauts)
 A = Elapsed time spent in this place.
 B = Non-inter-level travel time spent in this place.
 C = Inter-level travel time spent in this place.
 D = Time resting spent in this place.
 E = Time spent auto-exploring this place.
 F = Levels seen in this place.
 G = Mean time per level.
                   A        B        C        D        E       F      G
               +--------+--------+--------+--------+--------+-----+--------+
         Total |   1300 |   1293 |      7 |     18 |   1106 |   3 |  433.3 |
       Dungeon |   1300 |   1293 |      7 |     18 |   1106 |   3 |  433.3 |
               +--------+--------+--------+--------+--------+-----+--------+

Top non-repeatable levels by time:
     D:2: 728 daAuts
     D:1: 548 daAuts
     D:3: 23 daAuts
